 Dungeon Crawl Stone Soup version 0.21.1-1-g345015f (webtiles) character file.

581 diana the Slasher (level 7, -3/44 HPs)
             Began as a Tengu Fighter on June 16, 2018.
             Splashed by a gnoll's acid (14 damage)
             ... on level 4 of the Dungeon.
             The game lasted 00:05:21 (3545 turns).

diana the Slasher (Tengu Fighter)                   Turns: 3545, Time: 00:05:21

Health: -3/44      AC:  6    Str: 17    XL:     7   Next: 36%
Magic:  8/8        EV:  6    Int:  9    God:
Gold:   177        SH:  8    Dex: 14    Spells: 6/6 levels left

rFire    . . .     SeeInvis .   a - +0 long sword
rCold    . . .     Gourm    .   c - +0 shield
rNeg     . . .     Faith    .   b - +0 scale mail
rPois    .         Spirit   .   (helmet restricted)
rElec    .         Reflect  .   (no cloak)
rCorr    .         Harm     .   (no gloves)
MR       .....                  (boots unavailable)
Stlth    ..........             (no amulet)
HPRegen  0.14/turn              (no ring)
MPRegen  0.11/turn              (no ring)

@: drained
A: beak, talons 3, able to fly 1
a: Fly


You were on level 4 of the Dungeon.
You were not hungry.

You visited 1 branch of the dungeon, and saw 4 of its levels.

You collected 177 gold pieces.

Inventory:

Hand Weapons
 a - a +0 long sword (weapon)
Armour
 b - a +0 scale mail (worn)
 c - a +0 shield (worn)
Jewellery
 p - an uncursed ring of ice {unknown}
Scrolls
 g - 2 scrolls of identify {unknown}
 h - 5 scrolls of teleportation {unknown}
 j - 4 scrolls of remove curse {unknown}
 k - 2 scrolls of fear {unknown}
 l - a scroll of blinking {unknown}
 m - a scroll of fog {unknown}
 r - a scroll of enchant armour {unknown}
 s - a scroll of noise {unknown}
Potions
 d - a potion of might
 e - 2 potions of heal wounds
 i - 3 potions of curing {unknown}
 o - a potion of berserk rage {unknown}
 q - a potion of cancellation {unknown}
 t - a potion of brilliance {unknown}
Comestibles
 f - 3 rations
 n - a chunk of flesh


   Skills:
 + Level 5.3(4.5) Fighting
 * Level 7.2(6.3) Long Blades
 - Level 3.2(2.5) Armour
 - Level 3.0(2.2) Shields


You had 6 spell levels left.
You didn't know any spells.

Dungeon Overview and Level Annotations

Branches:
Dungeon (4/15)
 Temple: D:4-7

Altars:
Dithmenos
Elyvilon
Ru
Xom


Innate Abilities, Weirdness & Mutations

You have a beak for a mouth.
You have claws for feet.
You can fly.


Message History

You are too injured to fight recklessly!
You are too injured to fight recklessly!
You are too injured to fight recklessly!
You barely miss Natasha.
Natasha is severely wounded.
Natasha claws you.
You closely miss Natasha. You peck Natasha.
Natasha is severely wounded.
You block Natasha's attack.
You hit Natasha.
You kill Natasha!
You feel Natasha's spirit has finally been put to rest.
t - a sapphire potion You start resting.
A gnoll comes into view. It is wielding an enchanted spear.
The gnoll shouts!
The gnoll zaps a wand.
The bolt of acid hits you!
* * * LOW HITPOINT WARNING * * *
You are splashed with acid!
The acid burns!
You die...

.### #< ..# .####
$#..######.## .#...
........##g.# .#.#
... #..<)..###...#
#..####...#...# ##.
##....<))....##....
#######@.[.#....#
#..............#
#.#####....###.#
#...#..>.#.#
#..###......# ....#
#...#...# ......
###.##### .#... #.#
#.#.. #..


You could see a gnoll.

Vanquished Creatures
  Sigmund (D:2)
  The ghost of Thian the Covered, an amateur MiFi of Makhleb (D:3)
  Blork the orc (D:4)
  Crazy Yiuf (D:2)
  Natasha (thrice) (D:3 D:4)
  A worker ant (D:4)
  Robin (D:1)
  2 adders (D:2)
  2 gnolls (D:4)
  An ooze (D:3)
  2 worms (D:3)
  2 dart slugs (D:1)
  3 leopard geckos (D:1)
  An orc (D:4)
  3 giant cockroaches
  18 goblins
  10 hobgoblins
  3 jackals (D:3)
  7 bats
  6 frilled lizards
  9 kobolds
  6 rats
84 creatures vanquished.

Notes
Turn   | Place    | Note
-------+----------+-------------------------------------------
     0 | D:1      | diana the Tengu Fighter began the quest for the Orb.
     0 | D:1      | Reached XP level 1. HP: 14/14 MP: 2/2
   118 | D:1      | Reached XP level 2. HP: 18/19 MP: 3/3
   154 | D:1      | Reached skill level 3 in Long Blades
   260 | D:1      | Reached XP level 3. HP: 23/23 MP: 4/4
   622 | D:2      | Noticed Robin
   637 | D:1      | Killed Robin
   641 | D:1      | Reached XP level 4. HP: 11/28 MP: 5/5
   827 | D:2      | Reached skill level 4 in Long Blades
  1040 | D:2      | Found a sacrificial altar of Ru.
  1040 | D:2      | Found a white marble altar of Elyvilon.
  1040 | D:2      | Found a shadowy altar of Dithmenos.
  1040 | D:2      | Found a shimmering altar of Xom.
  1283 | D:2      | Noticed Sigmund
  1301 | D:2      | Killed Sigmund
  1301 | D:2      | Reached skill level 5 in Long Blades
  1301 | D:2      | Gained mutation: You can fly. [Tengu growth]
  1301 | D:2      | Reached XP level 5. HP: 13/34 MP: 6/6
  1301 | D:2      | Reached XP level 6. HP: 15/39 MP: 7/7
  1569 | D:2      | Found a runed door.
  1805 | D:2      | Noticed Crazy Yiuf
  1811 | D:2      | Killed Crazy Yiuf
  1834 | D:3      | Found a faded altar of an unknown god.
  1918 | D:3      | Noticed Thian's ghost (amateur MiFi)
  2258 | D:3      | Killed Thian's ghost
  2258 | D:3      | Reached skill level 6 in Long Blades
  2430 | D:3      | Noticed Natasha
  2435 | D:3      | Killed Natasha
  2658 | D:3      | Noticed Natasha
  2667 | D:3      | Killed Natasha
  2667 | D:3      | Reached skill level 5 in Fighting
  2667 | D:3      | Reached XP level 7. HP: 25/44 MP: 8/8
  3391 | D:4      | Noticed Blork the orc
  3401 | D:4      | Killed Blork the orc
  3401 | D:4      | Reached skill level 7 in Long Blades
  3484 | D:4      | Noticed Natasha
  3491 | D:4      | Killed Natasha
  3545 | D:4      | Splashed by a gnoll's acid

Skill      XL: |  1  2  3  4  5  6  7 |
---------------+----------------------+-----
Long Blades    | 3 5 6 7 |  7.2
Fighting       | 4 5 |  5.3
Armour         | |  3.2
Shields        | |  3.0

Action                   |  1- 3 |  4- 6 |  7- 9 || total
-------------------------+-------+-------+-------++-------
Melee: Long sword        |    68 |   114 |    39 ||   221
       Kick              |    19 |    36 |    13 ||    68
       Peck              |     9 |    26 |     5 ||    40
 Abil: Fly               |       |       |     1 ||     1
  Use: Potion            |       |     1 |     2 ||     3
  Eat: Chunk             |       |     6 |     3 ||     9
Armor: Scale mail        |    25 |    36 |    10 ||    71
Dodge: Dodged            |    18 |    31 |    11 ||    60
Block: Shield            |    41 |    60 |    15 ||   116
       Rpst.: Long sword |     4 |    14 |     5 ||    23
